cohdb
Replays
Latest Replays
All Replays
Popular Replays
Top Player Replays
Match Explorer
How It Works
Community
CoH3 Stats
Reddit
Sign in to upload your games and track your stats! →
Sign in with Steam
Match 41878391
Unlisted
Match 41878391
Overview
Messages
Build Orders
End
Kradschützen Motorcycle Team
Panzergrenadier Squad
Panzergrenadier Squad
Construct Light Support Kompanie
MG34 Team
Construct Mechanized Kompanie
Support Armor Elements
Pak 38 Mechanized Group
StuG III D Assault Gun
Selects Italian Infantry
Selects Guastatori Squad
Selects L6/40 Light Tank Combat Group
Guastatori Squad
Selects Towed Cannone da 105/28 Field Howitzer
Towed Cannone da 105/28 Field Howitzer
Construct Panzerarmee Kommand
Flak 36 Anti-tank Gun Team
Selects Defensive Operations
Selects Prepared Positions
Saueee
Razarak
-RainyCloudCore
✠Kaiser✠ tushkan
0
0
Comments
sign in to comment!
No comments posted yet!